 Dungeon Crawl Stone Soup version 0.25-a0-782-g655279c (webtiles) character file.

Game seed: 13588698652742009490, levelgen mode: deterministic

6969 BlueFish the Thaumaturge (level 10, -6/74 HPs)
             Began as a Mummy Wizard on Apr 16, 2020.
             Was an Elder of Kikubaaqudgha.
             Killed by divine providence
             ... invoked by an orc priest
              (15 damage)
             ... on level 10 of the Dungeon on Apr 17, 2020.
             The game lasted 00:54:05 (17757 turns).

BlueFish the Thaumaturge (Mummy Wizard)            Turns: 17757, Time: 00:54:05

Health: -6/74      AC: 12    Str: 10    XL:     10   Next: 81%
Magic:  22/34      EV: 14    Int: 21    God:    Kikubaaqudgha [****..]
Gold:   558        SH:  0    Dex: 11    Spells: 2/31 levels left

rFire    . . .     SeeInvis .   B - +0 quarterstaff (freeze)
rCold    + + +     Gourm    .   (shield currently unavailable)
rNeg     + + +     Faith    .   C - +2 robe {rC+}
rPois    ∞         Spirit   .   n - +2 helmet
rElec    .         Reflect  .   a - scarf {rC+ rF+}
rCorr    .         Harm     .   m - +0 pair of gloves
MR       +....                  c - +0 pair of boots
Stlth    +++.......             (no amulet)
HPRegen  0.22/turn              l - +3 ring of protection
MPRegen  0.24/turn              k - ring of magical power

@: studying Axes
A: no food or potions, fire vulnerability, cold resistance 1, negative energy
resistance 3, torment resistance, unbreathing
a: Receive Corpses, Renounce Religion


You were on level 10 of the Dungeon.
You worshipped Kikubaaqudgha.
Kikubaaqudgha was greatly pleased with you.
You were not hungry.

You visited 2 branches of the dungeon, and saw 11 of its levels.
You also visited: Ossuary.

You collected 558 gold pieces.

Inventory:

Hand Weapons
 b - a +0 scythe
 B - a +0 quarterstaff of freezing (weapon)
 D - a +2 spear of venom
Armour
 a - a scarf of resistance (worn)
 c - a +0 pair of boots (worn)
 m - a +0 pair of gloves (worn)
 n - a +2 helmet (worn)
 C - a +2 robe of cold resistance (worn)
Magical Staves
 x - an uncursed staff of energy
Jewellery
 f - an uncursed ring of protection from cold
 h - an uncursed ring of see invisible
 k - a ring of magical power (right hand)
 l - a +3 ring of protection (left hand)
Wands
 p - a wand of disintegration (17)
 w - a wand of flame (54)
 y - a wand of digging (6)
 z - a wand of polymorph (8)
 A - a wand of enslavement (10)
Scrolls
 d - 2 scrolls of magic mapping
 e - 3 scrolls of teleportation
 g - a scroll of fear
 j - 2 scrolls of immolation
 o - 3 scrolls of enchant weapon
 s - 2 scrolls of blinking
 t - 5 scrolls of enchant armour
 u - 4 scrolls of remove curse
 v - a scroll of silence
Books
 r - a manual of Axes


   Skills:
 * Level 5.5 Fighting
   Level 0.8(1.4) Maces & Flails
 + Level 3.3(3.6) Polearms
 + Level 1.7(2.9) Staves
 * Level 4.7 Dodging
 * Level 5.4 Stealth
 + Level 11.2 Spellcasting
 + Level 2.4 Conjurations
 + Level 3.0 Summonings
 * Level 6.2 Necromancy
 + Level 0.7 Translocations
 + Level 0.5 Air Magic
 + Level 0.4 Poison Magic
 * Level 2.5 Evocations


You had 2 spell levels left.
You knew the following spells:

 Your Spells              Type           Power        Failure   Level  Hunger
a - Pain                  Necr           ####         1%          1    N/A
b - Blink                 Tloc           N/A          6%          2    N/A
c - Call Imp              Summ           ###.....     2%          2    N/A
d - Slow                  Hex            ##......     9%          2    N/A
e - Mephitic Cloud        Conj/Pois/Air  ###.....     11%         3    N/A
f - Magic Dart            Conj           ###.         2%          1    N/A
g - Vampiric Draining     Necr           #####.....   1%          3    N/A
h - Corpse Rot            Necr/Air       N/A          2%          2    N/A
i - Dispel Undead         Necr           #####...     4%          4    N/A
j - Agony                 Necr           #####...     12%         5    N/A
k - Animate Dead          Necr           N/A          4%          4    N/A

Your spell library contained the following spells:

 Spells                   Type           Power        Failure   Level  Hunger
 Animate Skeleton         Necr           N/A          1%          1    N/A
 Conjure Flame            Conj/Fire      ###.....     11%         3    N/A
 Borgnjor's Vile Clutch   Necr/Erth      ###.......   41%         5    N/A
 Death Channel            Necr           #####.....   56%         6    N/A
 Haunt                    Necr/Summ      ####......   100%        7    N/A
 Infestation              Necr           #####.....   100%        8    N/A
 Borgnjor's Revivificati  Necr           Unusable     N/A         8    N/A
 Death's Door             Chrm/Necr      Unusable     N/A         8    N/A
 Necromutation            Tmut/Necr      Unusable     N/A         8    N/A

Dungeon Overview and Level Annotations

Branches:
Dungeon (10/15)            Temple (1/1) D:5            Lair (0/6) D:8
    Orc (0/2) D:10        Ossuary (visited)

Altars:
Ashenzari
Cheibriados
Dithmenos
Elyvilon
Fedhas
Gozag
Hepliaklqana
Kikubaaqudgha
Makhleb
Nemelex Xobeh
Okawaru
Qazlal
Ru
Sif Muna
Trog
Uskayaw
Vehumet
Wu Jian
Xom
Yredelemnul
Zin
The Shining One
Beogh

Annotations:
D:7 Harold


Innate Abilities, Weirdness & Mutations

You do not eat or drink.
Your flesh is vulnerable to fire.
You are immune to poison.
Your flesh is cold resistant. (rC+)
You are immune to negative energy. (rN+++)
You are immune to unholy pain and torment.
You can survive without breathing.


Message History

Casting: Vampiric Draining (safe; 1% risk of failure)
Confirm with . or Enter, or press ? or * to list all spells.
You blink.
Casting: Blink (safe; 6% risk of failure)
Confirm with . or Enter, or press ? or * to list all spells.
Aiming: Mephitic Cloud (safe; 11% risk of failure)
Press: ? - help, Shift-Dir - straight line, f/p - orc knight
Aim: an orc knight, wielding a +0 bardiche, wearing a +0 plate armour and quivering 29 bolts (heavily wounded)
The ball explodes into a vile cloud!
The stinking cloud engulfs the orc knight but does no damage.
The orc knight is heavily wounded.
You hear a shout!
The orc knight is engulfed in noxious fumes.
The orc knight is engulfed in noxious fumes.
The orc knight appears confused.
An orc priest comes into view. It is wielding a +0 mace.
The orc priest calls down the wrath of Beogh upon you.
Beogh smites you!
You die...
Kikubaaqudgha rasps: "You have failed me!
Welcome... oblivion!"

.................................
.................................
........#######...#####..........
........# #...# #..........
........#######...# #..........
..................#####..........
............o....................
##...........#.....#...).........
#...######..#.#@#...............
##...# #..#...................
.....######....#.#o..............
.......................(.........
...................#####.........
########...........# #...######
#.........### #...######
########.........# #.........
...H........)....8o #.........


You could see an orc knight (confused) and an orc priest.

Vanquished Creatures
  Fannar (D:10)
  Psyche (D:8)
  4 hippogriffs
  3 ice beasts
  8 orc warriors
  A necrophage (D:9)
  3 phantoms
  4 sky beasts
  7 ogres
  A centaur (D:10)
  3 big kobolds
  4 bullfrogs
  2 gnoll sergeants (D:10)
  A scorpion (D:8)
  3 killer bees (D:8)
  A wight (D:10)
  5 crimson imps
  A centaur zombie (Ossuary)
  5 hounds
  A quasit (D:8)
  A bullfrog zombie (D:7)
  2 jellies (D:8)
  A human zombie (D:5)
  5 orc priests
  A bullfrog skeleton (D:8)
  2 centaur skeletons
  2 iguanas
  7 orc wizards
  6 worker ants
  A hound skeleton (D:8)
  A mummy (Ossuary)
  A worker ant zombie (D:5)
  10 gnolls
  5 adders
  2 shadow imps
  A worm (D:2)
  3 dart slugs
  3 leopard geckos
  48 orcs
  11 bats
  2 giant cockroaches
  9 goblins
  11 hobgoblins
  12 jackals
  3 quokkas
  A ball python (D:2)
  6 frilled lizards
  3 goblin zombies (Ossuary)
  6 hobgoblin zombies (Ossuary)
  20 kobolds
  11 kobold zombies (Ossuary)
  A leopard gecko skeleton (D:5)
  A leopard gecko zombie (D:7)
  6 orc zombies (Ossuary)
  4 rats
268 creatures vanquished.

Vanquished Creatures (collateral kills)
  Sigmund (D:4)
  Eustachio (D:4)
  An ice beast (D:5)
  2 bullfrogs (D:7)
  A wyvern skeleton (D:6)
  A water moccasin skeleton (D:4)
  A scorpion (D:4)
  2 killer bees (D:8)
  A crimson imp (D:5)
  2 centaur zombies (Ossuary)
  A human zombie (Ossuary)
  4 orc priests
  2 hounds
  2 jellies
  An orc wizard (D:7)
  Terence (D:2)
  An iguana (D:5)
  3 worker ants
  A killer bee zombie (D:8)
  2 hound skeletons (D:7)
  A mummy (Ossuary)
  2 adders (D:3)
  An ooze (D:3)
  5 worms
  8 orcs
  A giant cockroach (D:5)
  2 jackals
  A quokka (D:5)
  A ball python (D:2)
  A bat (D:2)
  A frilled lizard (D:2)
  A hobgoblin zombie (Ossuary)
  3 jackal zombies
  2 orc zombies (Ossuary)
  A rat zombie (Ossuary)
62 creatures vanquished.

Vanquished Creatures (others)
  A killer bee (D:8)
  An orc priest (D:4)
  An orc (D:5)
3 creatures vanquished.

Grand Total: 333 creatures vanquished

Notes
Turn   | Place    | Note
-------+----------+-------------------------------------------
     0 | D:1      | BlueFish the Mummy Wizard began the quest for the Orb.
     0 | D:1      | Reached XP level 1. HP: 13/13 MP: 5/5
   261 | D:1      | Reached XP level 2. HP: 14/20 MP: 5/7
   275 | D:1      | Learned a level 2 spell: Blink
   278 | D:1      | Learned a level 2 spell: Call Imp
   281 | D:1      | Learned a level 2 spell: Slow
   824 | D:1      | Reached skill level 1 in Conjurations
  1012 | D:1      | Reached XP level 3. HP: 21/25 MP: 2/9
  1017 | D:1      | Learned a level 3 spell: Mephitic Cloud
  1742 | D:2      | Reached skill level 5 in Spellcasting
  2174 | D:2      | Noticed Terence
  2192 | D:2      | Killed Terence
  2192 | D:2      | Reached skill level 1 in Fighting
  2192 | D:2      | Reached XP level 4. HP: 17/32 MP: 5/11
  2681 | D:2      | Found a bloodstained altar of Trog.
  3054 | D:3      | Reached skill level 1 in Summonings
  3840 | D:3      | Reached XP level 5. HP: 37/37 MP: 11/13
  4685 | D:4      | Noticed a phantom
  4772 | D:4      | Reached skill level 6 in Spellcasting
  5198 | D:4      | Reached XP level 6. HP: 13/44 MP: 10/15
  5477 | D:4      | Found a blossoming altar of Fedhas.
  5477 | D:4      | Found a glowing golden altar of the Shining One.
  5482 | D:4      | Found a sparkling altar of Nemelex Xobeh.
  5483 | D:4      | Noticed Eustachio
  5528 | D:4      | Killed Eustachio
  5554 | D:4      | Found a glowing silver altar of Zin.
  5555 | D:4      | Found a faded altar of an unknown god.
  5615 | D:4      | Noticed Sigmund
  5628 | D:4      | Killed Sigmund
  5628 | D:4      | Reached skill level 7 in Spellcasting
  6643 | D:4      | Reached XP level 7. HP: 25/51 MP: 16/17
  6829 | D:5      | Entered Level 5 of the Dungeon
  6997 | D:5      | Found a sand-covered staircase.
  7016 | Ossuary  | Entered an ossuary
  7969 | D:5      | Reached skill level 1 in Polearms
  8206 | D:5      | Found a staircase to the Ecumenical Temple.
  8215 | Temple   | Entered the Ecumenical Temple
  8329 | Temple   | Became a worshipper of Kikubaaqudgha
  8506 | D:5      | HP: 2/52 [orc priest/divine providence (14)]
  8970 | D:5      | Reached skill level 8 in Spellcasting
  9064 | D:5      | Reached XP level 8. HP: 17/58 MP: 8/20
  9523 | D:5      | Noticed a hippogriff
  9552 | D:5      | Killed a hippogriff
  9972 | D:6      | Found a white marble altar of Elyvilon.
 10175 | D:6      | Reached skill level 9 in Spellcasting
 10882 | D:6      | Reached * piety under Kikubaaqudgha
 10882 | D:6      | Identified Kikubaaqudgha's Catalogue of Evil (Kikubaaqudgha
                  | gifted it to you on level 6 of the Dungeon)
 10882 | D:6      | Received a gift from Kikubaaqudgha
 10888 | D:6      | Learned a level 1 spell: Pain
 10892 | D:6      | Learned a level 3 spell: Vampiric Draining
 10895 | D:6      | Learned a level 2 spell: Corpse Rot
 11253 | D:7      | Noticed a brown ugly thing
 11528 | D:7      | Reached XP level 9. HP: 65/65 MP: 22/22
 11710 | D:7      | Reached skill level 1 in Necromancy
 11742 | D:7      | Noticed Harold
 13668 | D:8      | Reached ** piety under Kikubaaqudgha
 13677 | D:8      | Reached skill level 1 in Evocations
 13693 | D:8      | Reached skill level 10 in Spellcasting
 14208 | D:8      | Found a roughly hewn altar of Beogh.
 14228 | D:8      | Noticed Psyche
 14246 | D:8      | Killed Psyche
 14580 | D:8      | Reached XP level 10. HP: 55/73 MP: 17/24
 14986 | D:8      | Found a staircase to the Lair.
 15266 | D:9      | Reached *** piety under Kikubaaqudgha
 15266 | D:9      | Identified Kikubaaqudgha's Grimoire of Unholy Rituals
                  | (Kikubaaqudgha gifted it to you on level 9 of the Dungeon)
 15266 | D:9      | Received a gift from Kikubaaqudgha
 15280 | D:9      | Learned a level 4 spell: Dispel Undead
 15286 | D:9      | Learned a level 5 spell: Agony
 15447 | D:9      | Learned a level 4 spell: Animate Dead
 15791 | D:9      | Reached skill level 5 in Stealth
 15923 | D:9      | Reached skill level 5 in Necromancy
 16151 | D:9      | Reached skill level 1 in Staves
 16416 | D:10     | Entered Level 10 of the Dungeon
 16472 | D:10     | Noticed an orc knight
 16482 | D:10     | Noticed Fannar
 16530 | D:10     | Noticed a two-headed ogre
 16532 | D:10     | Killed Fannar
 16532 | D:10     | Reached skill level 5 in Fighting
 17045 | D:10     | Reached skill level 11 in Spellcasting
 17237 | D:10     | Reached **** piety under Kikubaaqudgha
 17731 | D:10     | Found a roughly hewn altar of Beogh.
 17731 | D:10     | Found a staircase to the Orcish Mines.
 17757 | D:10     | Killed from afar by an orc priest

Levels and vault maps discovered:
D:1:      dpeg_arrival_three_same_balls, layout_rooms
D:2:      layout_loops_ring, lemuel_round_altar, chequers_serial_rivers_micro_c,
          uniq_terence
D:3:      layout_basic, first_ration, serial_bayou_pond_b
D:4:      layout_loops_ring, chequers_temple_overflow_minitemple,
          minmay_stone_trees_small, uniq_eustachio, uniq_sigmund
D:5:      layout_gridville, minmay_temple_entry_antechambers, enter_ossuary_3
D:6:      layout_basic, elyvilon_altar_1, minmay_manual_mail
D:7:      layout_basic, uniq_harold
D:8:      layout_loops_ring, lair_entry_dummy, special_room [special_room_orc],
          uniq_psyche
D:9:      layout_loops_corners
D:10:     layout_long_grid, david_orc_5, serial_glass, glass_columns_a,
          glass_columns_c, blue_anna_alchemist [blue_anna_fruit_fields,
          blue_anna_fruit_fields], uniq_fannar, uniq_joseph
Temple:   nicolae_temple_elliptical

Skill      XL: |  1  2  3  4  5  6  7  8  9 10 |
---------------+-------------------------------+-----
Conjurations   | 1 2 |  2.4
Stealth        | 2 3 4 5 |  5.4
Spellcasting   | 5 6 7 8 9 10 11 | 11.2
Fighting       | 1 2 3 4 5 |  5.5
Summonings     | 1 2 3 |  3.0
Dodging        | 2 3 4 |  4.7
Polearms       | 1 3 |  3.3
Necromancy     | 3 6 |  6.2
Evocations     | 1 2 |  2.5
Staves         | 1 |  1.7
Maces & Flails | |  0.8
Translocations | |  0.7
Air Magic      | |  0.5
Poison Magic   | |  0.4

Action                   |  1- 3 |  4- 6 |  7- 9 | 10-12 || total
-------------------------+-------+-------+-------+-------++-------
Melee: Whip              |    66 |    70 |       |       ||   136
       Scythe            |       |    14 |       |       ||    14
       Spear             |       |     5 |   371 |       ||   376
       Staff             |       |       |   129 |    76 ||   205
       Quarterstaff      |       |       |       |    23 ||    23
 Cast: Magic Dart        |   104 |   112 |   279 |    22 ||   517
       Call Imp          |     6 |    51 |   114 |       ||   171
       Mephitic Cloud    |       |     4 |    36 |    14 ||    54
       Blink             |       |       |     4 |     1 ||     5
       Pain              |       |       |   118 |   162 ||   280
       Vampiric Draining |       |       |     8 |    38 ||    46
       Dispel Undead     |       |       |       |     3 ||     3
       Animate Dead      |       |       |       |     1 ||     1
  Use: Scroll            |     2 |     5 |     6 |       ||    13
 Stab: Distracted        |       |     1 |     5 |       ||     6
       Confused          |       |     1 |    25 |     4 ||    30
       Sleeping          |       |       |     3 |       ||     3
Armor: Robe              |     9 |    33 |   183 |    62 ||   287
Dodge: Dodged            |    55 |    89 |   328 |   130 ||   602

Table legend:
 A = Non-vault XP
 B = Vault XP
 C = Vault XP percentage of total XP
 D = Non-vault monster count
 E = Vault monster count
 F = Vault count percentage of total count
                 A         B        C        D         E       F
            +---------+---------+-------+---------+---------+-------
      Total |    6988 |    2969 |  29.8 |     246 |      87 |  26.1
            +---------+---------+-------+---------+---------+-------
        D:1 |      45 |       0 |   0.0 |      26 |       0 |   0.0
        D:2 |      75 |      18 |  19.4 |      29 |       1 |   3.3
        D:3 |      84 |       8 |   8.7 |      21 |       4 |  16.0
        D:4 |     353 |     241 |  40.6 |      15 |       2 |  11.8
        D:5 |    1042 |      28 |   2.6 |      36 |       2 |   5.3
        D:6 |     268 |     314 |  54.0 |       9 |       5 |  35.7
        D:7 |     820 |       0 |   0.0 |      23 |       0 |   0.0
        D:8 |    1709 |     640 |  27.2 |      33 |      17 |  34.0
        D:9 |    1472 |     186 |  11.2 |      32 |       6 |  15.8
       D:10 |    1120 |    1366 |  54.9 |      22 |      12 |  35.3
    Ossuary |       0 |     168 | 100.0 |       0 |      38 | 100.0
            +---------+---------+-------+---------+---------+-------
